 Dungeon Crawl Stone Soup version 0.28.0-45-g0d030f2227 (webtiles) character file.

Game seed: 5643890895017489829

3840 Zeor the Cruncher (level 10, -15/94 HPs)
             Began as a Gargoyle Gladiator on Apr 9, 2022.
             Was a Follower of Wu Jian.
             Killed from afar by a tengu conjurer (23 damage)
             ... with a bolt of lightning
             ... on level 9 of the Dungeon.
             The game lasted 00:27:25 (9457 turns).

Zeor the Cruncher (Gargoyle Gladiator)              Turns: 9457, Time: 00:27:26

Health: -15/94     AC: 21    Str: 22    XL:     10   Next: 18%
Magic:  10/10      EV:  2    Int: 13    God:    Wu Jian [*.....]
Gold:   151        SH:  0    Dex: 11    Spells: 9/9 levels left

rFire   . . .      SeeInvis .   a - +8 lajatang of Nowetuf {venom, Int+4}
rCold   . . .      Faith    .   (shield currently unavailable)
rNeg    + . .      Spirit   .   (armour currently unavailable)
rPois   ∞          Reflect  .   (helmet currently unavailable)
rElec   .          Harm     .   (cloak currently unavailable)
rCorr   .          Rampage  .   (gloves currently unavailable)
Will    .....      NoTele   +   (boots currently unavailable)
Stlth   ++........              (no amulet)
HPRegen 0.25/turn               k - +4 ring of protection
MPRegen 0.12/turn               (no ring)

@: mighty, brilliant, tree-form, corroded, attractive, hasted, very quick
A: stationary, stasis, torment immunity, boosted hp, sickness immunity, AC +7,
negative energy resistance 1, (electricity resistance), torment resistance 1,
petrification resistance, (horns 1), MP-powered wands
a: Renounce Religion


You were on level 9 of the Dungeon.
You worshipped Wu Jian.
Wu Jian was aware of your devotion.
You were a tree.
You visited 2 branches of the dungeon, and saw 10 of its levels.
You also visited: Sewer.

You collected 360 gold pieces.
You spent 209 gold pieces at shops.

Inventory:

Hand Weapons
 a - the +8 lajatang of Nowetuf (weapon) {venom, Int+4}
   (You acquired it on level 8 of the Dungeon)

   It poisons the flesh of those it strikes.
   Int:       It affects your intelligence (+4).
 g - a +0 hunting sling
 E - a +2 quarterstaff
 H - a +2 quarterstaff of speed
 I - a +1 antimagic war axe
Missiles
 c - 3 javelins
 d - 4 throwing nets
 e - 128 sling bullets
 l - a curare-tipped dart
 r - 110 arrows
 t - 16 poisoned darts
 B - 3 boomerangs of dispersal (quivered)
 F - 17 bolts
Armour
 h - a +1 pair of gloves (melded)
 y - a +2 scale mail of willpower (melded)
 J - a +0 pair of boots (melded)
 L - +0 acid dragon scales
Jewellery
 f - a +6 ring of dexterity
 k - a +4 ring of protection (left branch)
 z - a ring of see invisible
 K - a ring of positive energy
Wands
 n - a wand of flame (20)
 o - a wand of paralysis (24)
 p - a wand of charming (11)
 C - a wand of iceblast (13)
Scrolls
 w - 2 scrolls of teleportation
 G - a scroll of magic mapping
Potions
 i - a potion of brilliance
 j - a potion of mutation
 m - 2 potions of haste
 q - 2 potions of attraction
 s - 2 potions of might
 u - a potion of magic
 v - 4 potions of heal wounds {unknown}
 x - 2 potions of cancellation {unknown}
 A - a potion of flight
 D - a potion of curing


   Skills:
 + Level 7.3 Fighting
 * Level 10.5 Staves
 + Level 2.0 Throwing
 * Level 7.3 Armour
 + Level 3.5 Dodging
 + Level 2.9 Stealth


You had 9 spell levels left.
You didn't know any spells.
Your spell library contained the following spells:

 Spells                   Type           Power      Damage    Failure   Level
 Magic Dart               Conj           0%         1d3       30%         1
 Pain                     Necr           0%         1d4       30%         1
 Ensorcelled Hibernation  Hex/Ice        0%         N/A       43%         2
 Searing Ray              Conj           0%         2d4       43%         2
 Inner Flame              Hex/Fire       0%         N/A       67%         3
 Spider Form              Tmut/Pois      0%         N/A       67%         3
 Anguish                  Hex/Necr       0%         N/A       97%         4
 Cause Fear               Hex            0%         N/A       97%         4
 Fulminant Prism          Conj/Hex       0%         3d6       97%         4
 Passage of Golubria      Tloc           0%         N/A       97%         4
 Silence                  Hex/Air        0%         N/A       100%        5
 Death Channel            Necr           0%         N/A       100%        6
 Discord                  Hex            0%         N/A       100%        8
 Lehudib's Crystal Spear  Conj/Erth      0%         10d2      100%        8
 Death's Door             Necr           0%         N/A       100%        9


Dungeon Overview and Level Annotations

Branches:
Dungeon (9/15)             Temple (1/1) D:6           Sewer (visited)
   Lair: D:8-11         Orc: D:9-12

Altars:
Ashenzari
Cheibriados
Dithmenos
Elyvilon
Fedhas
Gozag
Hepliaklqana
Kikubaaqudgha
Makhleb
Nemelex Xobeh
Okawaru
Qazlal
Ru
Sif Muna
Trog
Uskayaw
Vehumet
Wu Jian
Xom
Yredelemnul
Zin
The Shining One

Shops:
D:3 *   D:5 =(=(:


Innate Abilities, Weirdness & Mutations

You are a tree.
Your roots penetrate the ground, keeping you stationary.
You cannot be teleported.
You are immune to unholy pain and torment.
Your maximum health is greatly increased.
Your equipment is partially melded.
You are immune to sickness and miasma.
((Your stone body is resilient. (AC +7)))
You are immune to poison.
You resist negative energy. (rN+)
((You are resistant to electric shocks. (rElec)))
You are resistant to unholy torment.
You are immune to petrification.
((You have a pair of small horns on your head.))
You expend magic power (3 MP) to strengthen your wands.


Message History

Items here: +0 acid dragon scales; an acid dragon corpse.
The floor, spattered with blood.
Things that are here:
+0 acid dragon scales; an acid dragon corpse L - +0 acid dragon scales The kobold brigand shoots a bolt.
The bolt closely misses you.
The kobold throws a stone.
The stone barely misses you.
The kobold throws a stone.
The stone hits you but does no damage.
The kobold brigand shoots a bolt.
The bolt hits you.
The tengu conjurer gestures at you while chanting.
The bolt of lightning hits you! You resist.
* * * LOW HITPOINT WARNING * * *
The bolt of lightning hits you! You resist.
* * * LOW HITPOINT WARNING * * *
It was a potion of attraction.
You feel attractive to monsters.
It was a potion of haste.
You feel yourself speed up.
The tengu conjurer is attracted toward you.
The kobold is attracted toward you.
It was a potion of magic.
Magic courses through your body. The tengu conjurer barely misses you.
The tengu conjurer pecks you but does no damage.
The tengu conjurer claws you.
* * * LOW HITPOINT WARNING * * *
You feel very mighty all of a sudden.
You miss the tengu conjurer.
Your headbutt misses the tengu conjurer.
The tengu conjurer hits you but does no damage.
The tengu conjurer barely misses you. The tengu conjurer claws you.
* * * LOW HITPOINT WARNING * * *
It was a potion of brilliance.
You feel clever all of a sudden.
It was a potion of lignification.
You turn into a tree.
Your +1 pair of gloves melds into your body.
Your +0 pair of boots melds into your body.
Your +2 scale mail of willpower melds into your body.
You feel less strong-willed.
Your roots penetrate the ground.
The tengu conjurer casts a spell at you.
The bolt of lightning hits you!!
You die... ▒∙▒▒▒▒∙∙▒∙▒ ▒∙ ▒∙Q∙ ∙∙∙∙∙

▒∙ ▒∙▒∙▒▒∙)▒▒ ▒∙
▒∙∙∙∙∙∙∙K▒ ▒∙
▒∙∙∙▒▒∙∙∙▒ ▒∙
▒∙∙∙Q†∙∙∙▒▒▒▒▒▒▒▒▒▒▒▒▒∙
▒▒▒∙▒▒∙∙∙∙∙∙∙∙∙∙∙∙∙∙∙∙∙
▒∙▒▒▒▒K▒▒▒▒▒▒▒▒▒▒▒▒▒▒
▒∙∙∙♣QK▒ ▒▒▒▒▒▒▒▒


You could see a tengu conjurer, a kobold brigand and a kobold.

Vanquished Creatures
  Harold (D:7)
  A steam dragon (D:8)
  An acid dragon (D:9)
  A water moccasin (D:7)
  A black bear (D:7)
  2 ogres
  3 ice beasts
  2 orc warriors
  3 centaurs
  2 bullfrogs
  2 kobold brigands
  2 scorpions
  6 killer bees (D:7)
  7 wights
  2 centaur zombies
  3 hounds
  6 jellies
  A centaur skeleton (D:7)
  An orc priest (D:7)
  A gnoll shaman (D:7)
  2 bullfrog skeletons
  2 iguanas (D:6)
  4 orc wizards
  A hound skeleton (D:5)
  A howler monkey zombie (D:6)
  7 gnolls
  11 adders
  A river rat (D:5)
  A shadow imp (D:7)
  A white imp (D:4)
  An ufetubus (D:4)
  An adder skeleton (D:4)
  2 worms
  2 dart slugs (D:1)
  12 orcs
  8 ball pythons
  20 endoplasms
  8 giant cockroaches
  12 goblins
  7 hobgoblins
  7 jackals (D:1)
  6 quokkas
  5 bats
  A frilled lizard (D:1)
  12 kobolds
  10 rats
193 creatures vanquished.

Notes
Turn   | Place    | Note
-------+----------+-------------------------------------------
     0 | D:1      | Zeor the Gargoyle Gladiator began the quest for the Orb.
     0 | D:1      | Reached XP level 1. HP: 12/12 MP: 1/1
   235 | D:1      | Reached XP level 2. HP: 17/17 MP: 2/2
   662 | D:1      | Reached XP level 3. HP: 14/22 MP: 3/3
  1466 | D:2      | Reached skill level 1 in Armour
  1493 | D:2      | Reached skill level 4 in Staves
  1532 | D:2      | Found a faded altar of an unknown god.
  1610 | D:2      | Reached XP level 4. HP: 27/27 MP: 4/4
  2396 | D:3      | HP: 1/27 [gnoll/+0 whip (4)]
  2400 | D:3      | Gained mutation: You expend magic power (3 MP) to
                  | strengthen your wands. [potion of mutation]
  2400 | D:3      | Gained mutation: You have a pair of small horns on your
                  | head. [potion of mutation]
  2793 | D:3      | Reached XP level 5. HP: 31/31 MP: 5/5
  3068 | D:3      | Found Qojuge's Assorted Antiques.
  3071 | D:3      | Bought a scroll labelled JOLASO OSKUIZ for 22 gold pieces
  3071 | D:3      | Bought a puce potion for 19 gold pieces
  4083 | D:5      | Entered Level 5 of the Dungeon
  4083 | D:5      | Found Zuny's Antique Weapon Emporium.
  4091 | D:5      | Reached skill level 5 in Staves
  4091 | D:5      | Reached XP level 6. HP: 36/36 MP: 6/6
  4092 | D:5      | Found Acvedd's Jewellery Shop.
  4186 | D:5      | Found a glowing drain.
  4195 | Sewer    | Entered a sewer
  4712 | Sewer    | Reached skill level 6 in Staves
  4712 | Sewer    | Reached XP level 7. HP: 22/41 MP: 7/7
  4890 | Sewer    | Found a viscous altar of Jiyva.
  5181 | D:5      | Found Exius's Jewellery Shop.
  5187 | D:5      | Found Kumo's Weapon Shoppe.
  5315 | D:5      | Found Nirite's Book Shop.
  6023 | D:6      | Reached skill level 7 in Staves
  6166 | D:6      | Found a staircase to the Ecumenical Temple.
  6188 | D:6      | Reached XP level 8. HP: 35/46 MP: 8/8
  6280 | D:6      | Found a glowing silver altar of Zin.
  6353 | Temple   | Entered the Ecumenical Temple
  6401 | Temple   | Became a worshipper of the Wu Jian Council
  6454 | D:6      | Reached skill level 5 in Armour
  6623 | D:3      | Bought a glowing quarterstaff for 154 gold pieces
  6691 | D:5      | Bought 5 bolts for 14 gold pieces
  7433 | D:7      | Noticed Harold
  7456 | D:7      | Reached skill level 8 in Staves
  7456 | D:7      | Reached skill level 1 in Stealth
  7468 | D:7      | Killed Harold
  7469 | D:7      | Reached skill level 5 in Fighting
  7469 | D:7      | Reached XP level 9. HP: 38/54 MP: 9/9
  7483 | D:7      | Reached skill level 9 in Staves
  7634 | D:7      | Got the Incunabulum of Entrancing Dark Arts
  8325 | D:7      | Reached * piety under Wu Jian
  8534 | D:8      | Identified a scroll of acquirement
  8534 | D:8      | Acquired the +8 lajatang of Nowetuf {venom, Int+4}
  8546 | D:8      | Reached XP level 10. HP: 63/63 MP: 10/10
  8557 | D:8      | Reached skill level 10 in Staves
  9457 | D:9      | Killed from afar by a tengu conjurer

Illustrated notes

Levels and vault maps discovered:
D:1:      dpeg_arrival_stone_temple_mockup, layout_basic
D:2:      kennysheep_the_goblin_king, layout_loops_ring,
          chequers_ecumenical_altar_island, hangedman_decor_points,
          kennysheep_cluttered_room
D:3:      layout_loops_cross, serial_shops, nicolae_shop_window_shopping
D:4:      layout_basic
D:5:      layout_loops_ring, gup_sewer_entry_bubbles, serial_shops,
          nicolae_shop_trees, nicolae_shop_stone,
          nicolae_shop_bloodbath_and_beyond, nicolae_shop_stone,
          nicolae_shop_temple_entry_statues_fountains
D:6:      layout_basic, mainiacjoe_overflow_alcove_2, minmay_temple_entry_waves
D:7:      layout_basic, grunt_ministairs_15, uniq_harold
D:8:      layout_basic, serial_curves, eino_curves_01, eino_curves_03
D:9:      layout_basic, lair_entry_dummy, serial_shops, shop,
          grunt_decor_junction, moated_statue, serial_bayou_lagoon_a
Temple:   kilobyte_greek_temple

Skill      XL: |  1  2  3  4  5  6  7  8  9 10 |
---------------+-------------------------------+-----
Armour         | 1 2 3 4 6 7 |  7.3
Staves         | 4 5 6 7 8 9 10 | 10.5
Fighting       | 3 5 7 |  7.3
Dodging        | 3 |  3.5
Throwing       | 2 |  2.0
Stealth        | 2 |  2.9

Action                   |  1- 3 |  4- 6 |  7- 9 | 10-12 || total
-------------------------+-------+-------+-------+-------++-------
Melee: Quarterstaff      |    90 |   217 |   259 |       ||   566
       Headbutt          |       |    24 |    38 |     6 ||    68
       Lajatang          |       |       |     5 |    29 ||    34
Throw: Throwing net      |       |       |     3 |       ||     3
       Dart              |       |       |     2 |       ||     2
Invok: Lunge             |       |       |    21 |     4 ||    25
       Whirlwind         |       |       |       |     2 ||     2
  Use: Potion            |       |     3 |     3 |     6 ||    12
       Scroll            |       |     3 |     9 |       ||    12
 Stab: Held in net/web   |       |       |     3 |       ||     3
Armor: Leather armour    |    22 |       |       |       ||    22
       Ring mail         |     7 |    92 |     4 |       ||   103
       Scale mail        |       |       |    84 |    17 ||   101
Dodge: Dodged            |    60 |    95 |    99 |    18 ||   272
